Kings vs Hurricanes

Created - October-04-13 at 19:12

Goals
1 2 3 T
Kings 0 2 0 2
Hurricanes 3 1 0 4
Shots
1 2 3 T
Kings 12 9 7 28
Hurricanes 5 7 9 21

1st period

1. Hurricanes , Maxim Lapierre 1 (Anton Volchenkov, Ryan Wilson) at 4:40
2. Hurricanes , Patrik Elias 1 (Eric Staal, Daniel Winnik) at 11:10
3. Hurricanes , Dany Heatley 1 (Steve Oleksy, Filip Kuba) at 12:49

Penalties :
Robyn Regehr (LOS) for Hooking (Minor) at 0:26, Dale Weise (CAR) for Tripping (Minor) at 2:30, Ryan Wilson (CAR) for Interference (Minor) at 4:56, Mike Weber (CAR) for Interference (Minor) at 5:23, Robyn Regehr (LOS) for Hooking (Minor) at 7:35, Mike Weber (CAR) for Hooking (Minor) at 17:32

2nd period

4. Hurricanes , Eric Staal 1 (Duncan Keith, Patrik Elias) at 13:39
5. Kings , Vyacheslav Voynov 1 (Jarret Stoll) at 17:18 (PP)
6. Kings , Mike Richards 1 (Vyacheslav Voynov, Tobias Enstrom) at 19:28

Penalties :
Nail Yakupov (LOS) for Tripping (Minor) at 0:31, Joe Corvo (LOS) for Holding (Minor) at 9:00, Brian Boyle (CAR) for Roughing (Minor) at 16:12, Daniel Winnik (CAR) for Roughing (Minor) at 16:23

3rd period

No Goal

Penalties :
Dale Weise (CAR) for High sticking (Minor) at 2:27, Vyacheslav Voynov (LOS) for Holding (Minor) at 11:28, Jamie McBain (LOS) for Hooking (Minor) at 14:27

Goalie Stats

Steve Mason (LOS), 17 saves from 21 shots - (0.810), L, 0-1-0, 60:00 minutes
Chad Johnson (CAR), 26 saves from 28 shots - (0.929), W, 1-0-0, 60:00 minutes

Players Stats for Kings

Player Name              G  A  P  +/- PIM S  H  SB GA TA FO     MP     PP MP  PK MP  
------------------------------------------------------------------------------------
Daniel Alfredsson        0  0  0   1  0   4  0  0  0  0  1/2    23:05   5:31   6:50 
Dustin Penner            0  0  0  -3  0   0  3  0  0  0  0/0     5:21   0:00   0:00 
Guillaume Latendresse    0  0  0  -1  0   1  1  0  0  0  0/0    14:16   5:45   0:00 
Jamie McBain             0  0  0  -1  2   0  2  1  0  0  0/0    12:01   0:00   0:00 
Jarret Stoll             0  1  1  -1  0   2  2  0  0  0  10/14  19:20   5:45   5:04 
Joe Corvo                0  0  0  -1  2   3  2  0  0  0  0/0    18:19   4:32   1:46 
Justin Faulk             0  0  0  -3  0   1  2  1  0  0  0/0    20:46   0:01   7:01 
Matt Hendricks           0  0  0  -1  0   1  2  0  0  0  3/7     8:31   0:00   0:00 
Michael Frolik           0  0  0  -3  0   2  0  0  0  0  0/1    10:25   0:00   5:04 
Michal Handzus           0  0  0  -3  0   0  0  0  0  0  3/9     5:31   0:10   0:00 
Mike Richards            1  0  1   1  0   6  0  0  0  0  18/28  23:34   6:00   6:50 
Mikhail Grabovski        0  0  0   0  0   1  0  0  0  0  0/0    17:31   4:34   0:00 
Nail Yakupov             0  0  0   0  2   4  4  0  0  0  0/1    17:34   4:38   0:00 
Robyn Regehr             0  0  0  -3  4   0  4  1  0  0  0/0    17:41   0:00   3:59 
Ryan Nugent-Hopkins      0  0  0   0  0   0  1  0  0  0  10/17  17:35   4:38   0:00 
Ryan Smyth               0  0  0   1  0   1  1  0  0  0  0/0    11:22   0:38   0:00 
Tobias Enstrom           0  1  1   1  0   1  0  0  0  0  0/0    23:14   6:01   5:26 
Vyacheslav Voynov        1  1  2   1  2   1  3  0  0  0  0/0    21:54   4:32   5:36 

Players Stats for Hurricanes

Player Name              G  A  P  +/- PIM S  H  SB GA TA FO     MP     PP MP  PK MP  
------------------------------------------------------------------------------------
Anton Volchenkov         0  1  1   1  0   0  0  4  0  0  0/0    15:12   0:00   1:57 
Brian Boyle              0  0  0   1  2   0  5  0  0  0  5/13   19:29   6:20   2:48 
Cal Clutterbuck          0  0  0   0  0   0  0  0  0  0  0/0     7:11   0:00   0:00 
Dale Weise               0  0  0   0  4   0  2  0  0  0  0/0     9:59   0:00   0:00 
Daniel Winnik            0  1  1   2  2   1  0  1  0  0  1/6    15:17   0:00   5:18 
Dany Heatley             1  0  1   1  0   3  0  0  0  0  0/3    19:30   6:20   2:48 
Duncan Keith             0  1  1   1  0   1  0  2  0  0  0/0    24:15   6:20   5:28 
Eric Staal               1  1  2   2  0   4  0  0  0  0  11/23  18:33   5:34   3:00 
Filip Kuba               0  1  1   1  0   0  0  1  0  0  0/0    22:57   5:34   5:05 
Joffrey Lupul            0  0  0   1  0   0  3  0  0  0  1/3    16:13   5:34   0:17 
Lennart Petrell          0  0  0   0  0   1  0  0  0  0  2/3    10:04   0:00   0:03 
Marty Reasoner           0  0  0   0  0   2  0  0  0  0  6/14   11:35   0:00   4:24 
Maxim Lapierre           1  0  1   0  0   2  1  0  0  0  6/11   10:01   0:00   0:00 
Mike Weber               0  0  0   1  4   0  6  1  0  0  0/0    21:49   6:20   3:30 
Patrik Elias             1  1  2   2  0   4  0  0  0  0  1/1    15:33   5:34   0:00 
Rene Bourque             0  0  0   0  0   1  1  0  0  0  1/2    13:31   6:20   0:00 
Ryan Wilson              0  1  1   1  2   0  0  0  0  0  0/0    13:42   0:00   0:00 
Steve Oleksy             0  1  1   1  0   2  0  2  0  0  0/0    22:02   5:34   5:05 

3 Stars

1 - Eric Staal (CAR)
2 - Patrik Elias (CAR)
3 - Vyacheslav Voynov (LOS)

Power Play

Kings - 1 on 7 Attempt(s) - 14.29%
Hurricanes - 0 on 6 Attempt(s) - 0.00%

Penalty Kill

Kings - 6 on 6 Attempt(s) - 100.00% - Score 0 goal in Penalty Kill
Hurricanes - 6 on 7 Attempt(s) - 85.71% - Score 0 goal in Penalty Kill

Official

Referees : Francis Charron and Chris Rooney
Linesman : Derek Amell and Scott Driscoll

Game Notes

No Game Note

Finance

Level 1 -- Attendance: 6000 (100.00%) -- Ticket Income $600,000
Level 2 -- Attendance: 4938 (98.76%) -- Ticket Income $320,970
Level 3 -- Attendance: 3408 (97.37%) -- Ticket Income $153,360
Level 4 -- Attendance: 3054 (94.55%) -- Ticket Income $82,458
Luxury Box -- Attendance: 1000 (100.00%) -- Ticket Income $200,000
Game was played at the PNC Arena
Total Attendance: 18400 (98.24%)
Total Ticket Income: $1,356,788
Other Income: $203,518
Total Income: $1,560,306


% Time on Ice - Kings

Lines # - Real PCT - Wanted PCT - Time Play
Normal Forward
1 - 29% - 35% - 10:44
2 - 34% - 30% - 12:57
3 - 23% - 20% - 8:31
4 - 14% - 15% - 5:21
Normal Defense
1 - 31% - 33% - 11:47
2 - 25% - 28% - 9:27
3 - 32% - 20% - 12:02
4 - 11% - 19% - 4:17
PP Forward
1 - 44% - 55% - 4:38
2 - 56% - 45% - 5:55
PP Defense
1 - 57% - 55% - 6:01
2 - 43% - 45% - 4:32
PK Forward
1 - 57% - 55% - 6:50
2 - 43% - 45% - 5:04
PK Defense
1 - 54% - 55% - 6:28
2 - 46% - 45% - 5:26
PK3 Forward
1 - 0% - 55%
2 - 0% - 45%
PK3 Defense
1 - 0% - 55%
2 - 0% - 45%
44 Forward
1 - 0% - 50%
2 - 0% - 50%
44 Defense
1 - 0% - 50%
2 - 0% - 50%
Last Minute Offensive  - 0:00
Last Minute Defensive  - 0:00
Total
Forward - 60:00
Defense - 60:00

% Time on Ice - Hurricanes

Lines # - Real PCT - Wanted PCT - Time Play
Normal Forward
1 - 27% - 33% - 9:59
2 - 28% - 33% - 10:22
3 - 19% - 17% - 7:11
4 - 27% - 17% - 10:01
Normal Defense
1 - 31% - 30% - 11:32
2 - 37% - 30% - 13:43
3 - 30% - 30% - 11:23
4 - 2% - 10% - 0:55
PP Forward
1 - 47% - 50% - 5:34
2 - 53% - 50% - 6:20
PP Defense
1 - 53% - 50% - 6:20
2 - 47% - 50% - 5:34
PK Forward
1 - 65% - 60% - 5:18
2 - 35% - 40% - 2:48
PK Defense
1 - 54% - 50% - 4:23
2 - 46% - 50% - 3:43
PK3 Forward
1 - 100% - 60% - 2:27
2 - 0% - 40% - 0:00
PK3 Defense
1 - 44% - 60% - 1:05
2 - 56% - 40% - 1:22
44 Forward
1 - 0% - 50%
2 - 0% - 50%
44 Defense
1 - 0% - 50%
2 - 0% - 50%
Last Minute Offensive  - 0:00
Last Minute Defensive  - 0:00
Total
Forward - 60:00
Defense - 60:00

Play by Play

1st period


0:01 of 1st period - Eric Staal wins face-off versus Daniel Alfredsson in neutral zone.
0:08 of 1st period - Shot by Eric Staal.
0:08 of 1st period - Shot Misses the Net.
0:10 of 1st period - Shot by Patrik Elias.
0:10 of 1st period - Stopped by Steve Mason without a rebound.
0:11 of 1st period - Joffrey Lupul wins face-off versus Ryan Nugent-Hopkins in Kings zone.
0:26 of 1st period - Minor Penalty to Robyn Regehr for Hooking.
0:27 of 1st period - Mike Richards wins face-off versus Eric Staal in Kings zone.
0:27 of 1st period - Mike Richards is hit by Joffrey Lupul.
0:39 of 1st period - Justin Faulk is hit by Joffrey Lupul and loses puck.
1:07 of 1st period - Eric Staal is hit by Justin Faulk and loses puck.
1:15 of 1st period - Icing by Mike Weber.
1:16 of 1st period - Mike Richards wins face-off versus Eric Staal in Hurricanes zone.
1:36 of 1st period - Off-side.
1:37 of 1st period - Mike Richards wins face-off versus Brian Boyle in neutral zone.
2:13 of 1st period - Icing by Brian Boyle.
2:14 of 1st period - Brian Boyle wins face-off versus Jarret Stoll in Hurricanes zone.
2:30 of 1st period - Minor Penalty to Dale Weise for Tripping.
2:31 of 1st period - Jarret Stoll wins face-off versus Marty Reasoner in Hurricanes zone.
2:51 of 1st period - Shot by Mike Richards.
2:51 of 1st period - Shot Blocked by Mike Weber.
2:53 of 1st period - Shot by Jarret Stoll.
2:53 of 1st period - Stopped by Chad Johnson with a rebound.
3:43 of 1st period - Shot by Vyacheslav Voynov.
3:43 of 1st period - Shot Blocked by Filip Kuba.
4:01 of 1st period - Shot by Joe Corvo.
4:01 of 1st period - Shot Misses the Net.
4:03 of 1st period - Shot by Daniel Alfredsson.
4:03 of 1st period - Shot Blocked by Daniel Winnik.
4:40 of 1st period - Shot by Maxim Lapierre.
4:40 of 1st period - Goal by Maxim Lapierre - Kings : 0 - Hurricanes : 1.
4:41 of 1st period - Lennart Petrell wins face-off versus Michal Handzus in neutral zone.
4:51 of 1st period - Anton Volchenkov is hit by Dustin Penner and loses puck.
4:56 of 1st period - Shot by Michael Frolik.
4:56 of 1st period - Stopped by Chad Johnson without a rebound.
4:56 of 1st period - Minor Penalty to Ryan Wilson for Interference.
4:57 of 1st period - Jarret Stoll wins face-off versus Brian Boyle in Hurricanes zone.
5:23 of 1st period - Minor Penalty to Mike Weber for Interference.
5:24 of 1st period - Ryan Nugent-Hopkins wins face-off versus Daniel Winnik in Hurricanes zone.
5:27 of 1st period - Shot by Ryan Nugent-Hopkins.
5:27 of 1st period - Shot Misses the Net.
5:50 of 1st period - Shot by Nail Yakupov.
5:50 of 1st period - Deflect By Daniel Alfredsson.
5:50 of 1st period - Stopped by Chad Johnson without a rebound.
5:51 of 1st period - Jarret Stoll wins face-off versus Daniel Winnik in Hurricanes zone.
5:52 of 1st period - Shot by Mike Richards.
5:52 of 1st period - Stopped by Chad Johnson without a rebound.
5:53 of 1st period - Jarret Stoll wins face-off versus Daniel Winnik in Hurricanes zone.
5:56 of 1st period - Shot by Mike Richards.
5:56 of 1st period - Stopped by Chad Johnson without a rebound.
5:57 of 1st period - Ryan Nugent-Hopkins wins face-off versus Daniel Winnik in Hurricanes zone.
6:04 of 1st period - Shot by Nail Yakupov.
6:04 of 1st period - Stopped by Chad Johnson without a rebound.
6:05 of 1st period - Ryan Nugent-Hopkins wins face-off versus Daniel Winnik in Hurricanes zone.
6:06 of 1st period - Shot by Tobias Enstrom.
6:06 of 1st period - Shot Misses the Net.
6:31 of 1st period - Shot by Ryan Nugent-Hopkins.
6:31 of 1st period - Shot Blocked by Duncan Keith.
7:04 of 1st period - Icing by Joe Corvo.
7:05 of 1st period - Jarret Stoll wins face-off versus Marty Reasoner in Kings zone.
7:35 of 1st period - Minor Penalty to Robyn Regehr for Hooking.
7:36 of 1st period - Mike Richards wins face-off versus Joffrey Lupul in Kings zone.
8:11 of 1st period - Off-side.
8:12 of 1st period - Mike Richards wins face-off versus Brian Boyle in neutral zone.
8:12 of 1st period - Tobias Enstrom is hit by Brian Boyle and loses puck.
9:02 of 1st period - Icing by Brian Boyle.
9:03 of 1st period - Mike Richards wins face-off versus Dany Heatley in Hurricanes zone.
9:03 of 1st period - Mike Richards is hit by Mike Weber.
9:13 of 1st period - Shot by Mike Richards.
9:13 of 1st period - Shot Misses the Net.
10:00 of 1st period - Shot by Nail Yakupov.
10:00 of 1st period - Stopped by Chad Johnson without a rebound.
10:01 of 1st period - Maxim Lapierre wins face-off versus Matt Hendricks in Hurricanes zone.
10:01 of 1st period - Maxim Lapierre is hit by Jarret Stoll.
10:04 of 1st period - Anton Volchenkov is hit by Matt Hendricks and loses puck.
10:31 of 1st period - Lennart Petrell is hit by Jamie McBain and loses puck.
10:57 of 1st period - Eric Staal is hit by Joe Corvo and loses puck.
11:10 of 1st period - Shot by Patrik Elias.
11:10 of 1st period - Goal by Patrik Elias - Kings : 0 - Hurricanes : 2.
11:11 of 1st period - Mike Richards wins face-off versus Marty Reasoner in neutral zone.
11:34 of 1st period - Shot by Vyacheslav Voynov.
11:34 of 1st period - Shot Blocked by Duncan Keith.
12:04 of 1st period - Mike Weber is hit by Robyn Regehr and loses puck.
12:22 of 1st period - Icing by Mike Weber.
12:23 of 1st period - Marty Reasoner wins face-off versus Michal Handzus in Hurricanes zone.
12:25 of 1st period - Icing by Duncan Keith.
12:26 of 1st period - Michal Handzus wins face-off versus Marty Reasoner in Hurricanes zone.
12:45 of 1st period - Shot by Joffrey Lupul.
12:45 of 1st period - Shot Misses the Net.
12:47 of 1st period - Shot by Filip Kuba.
12:47 of 1st period - Shot Misses the Net.
12:49 of 1st period - Shot by Steve Oleksy.
12:49 of 1st period - Deflect By Dany Heatley.
12:49 of 1st period - Goal by Dany Heatley - Kings : 0 - Hurricanes : 3.
12:50 of 1st period - Mike Richards wins face-off versus Eric Staal in neutral zone.
13:05 of 1st period - Shot by Daniel Winnik.
13:05 of 1st period - Stopped by Steve Mason without a rebound.
13:06 of 1st period - Ryan Nugent-Hopkins wins face-off versus Brian Boyle in Kings zone.
13:35 of 1st period - Shot by Nail Yakupov.
13:35 of 1st period - Stopped by Chad Johnson with a rebound.
13:41 of 1st period - Shot by Nail Yakupov.
13:41 of 1st period - Stopped by Chad Johnson without a rebound.
13:42 of 1st period - Eric Staal wins face-off versus Mike Richards in Hurricanes zone.
13:42 of 1st period - Eric Staal is hit by Ryan Smyth.
13:51 of 1st period - Shot by Daniel Alfredsson.
13:51 of 1st period - Shot Blocked by Anton Volchenkov.
13:53 of 1st period - Shot by Ryan Smyth.
13:53 of 1st period - Shot Misses the Net.
13:57 of 1st period - Shot by Tobias Enstrom.
13:57 of 1st period - Shot Hit the Post.
13:59 of 1st period - Shot by Daniel Alfredsson.
13:59 of 1st period - Stopped by Chad Johnson with a rebound.
14:01 of 1st period - Shot by Daniel Alfredsson.
14:01 of 1st period - Stopped by Chad Johnson without a rebound.
14:02 of 1st period - Maxim Lapierre wins face-off versus Matt Hendricks in Hurricanes zone.
15:54 of 1st period - Ryan Wilson is hit by Jamie McBain and loses puck.
16:09 of 1st period - Daniel Winnik is hit by Nail Yakupov and loses puck.
17:32 of 1st period - Minor Penalty to Mike Weber for Hooking.
17:33 of 1st period - Brian Boyle wins face-off versus Jarret Stoll in Hurricanes zone.
18:04 of 1st period - Shot by Tobias Enstrom.
18:04 of 1st period - Shot Misses the Net.
18:06 of 1st period - Shot by Guillaume Latendresse.
18:06 of 1st period - Stopped by Chad Johnson without a rebound.
18:07 of 1st period - Marty Reasoner wins face-off versus Ryan Nugent-Hopkins in Hurricanes zone.
18:07 of 1st period - Marty Reasoner is hit by Nail Yakupov.
18:36 of 1st period - Shot by Joe Corvo.
18:36 of 1st period - Shot Misses the Net.
19:39 of 1st period - Michael Frolik is hit by Mike Weber and loses puck.
19:45 of 1st period - Dale Weise is hit by Dustin Penner and loses puck.

2nd period


0:01 of 2nd period - Mike Richards wins face-off versus Dany Heatley in neutral zone.
0:10 of 2nd period - Shot by Mike Richards.
0:10 of 2nd period - Stopped by Chad Johnson without a rebound.
0:11 of 2nd period - Ryan Nugent-Hopkins wins face-off versus Eric Staal in Hurricanes zone.
0:31 of 2nd period - Minor Penalty to Nail Yakupov for Tripping.
0:32 of 2nd period - Mike Richards wins face-off versus Brian Boyle in Kings zone.
0:43 of 2nd period - Robyn Regehr is hit by Rene Bourque and loses puck.
1:04 of 2nd period - Shot by Steve Oleksy.
1:04 of 2nd period - Shot Misses the Net.
1:18 of 2nd period - Shot by Justin Faulk.
1:18 of 2nd period - Shot Misses the Net.
1:20 of 2nd period - Shot by Justin Faulk.
1:20 of 2nd period - Stopped by Chad Johnson without a rebound.
1:21 of 2nd period - Jarret Stoll wins face-off versus Eric Staal in Hurricanes zone.
1:21 of 2nd period - Jarret Stoll is hit by Mike Weber.
2:51 of 2nd period - Icing by Ryan Wilson.
2:52 of 2nd period - Matt Hendricks wins face-off versus Maxim Lapierre in Hurricanes zone.
2:53 of 2nd period - Shot by Tobias Enstrom.
2:53 of 2nd period - Deflect By Guillaume Latendresse.
2:53 of 2nd period - Shot Misses the Net.
2:55 of 2nd period - Shot by Jarret Stoll.
2:55 of 2nd period - Deflect By Matt Hendricks.
2:55 of 2nd period - Stopped by Chad Johnson without a rebound.
2:56 of 2nd period - Matt Hendricks wins face-off versus Marty Reasoner in Hurricanes zone.
5:25 of 2nd period - Eric Staal is hit by Nail Yakupov and loses puck.
5:32 of 2nd period - Shot by Justin Faulk.
5:32 of 2nd period - Shot Misses the Net.
5:56 of 2nd period - Filip Kuba is hit by Ryan Nugent-Hopkins and loses puck.
6:08 of 2nd period - Off-side.
6:09 of 2nd period - Michal Handzus wins face-off versus Marty Reasoner in neutral zone.
6:36 of 2nd period - Shot by Michael Frolik.
6:36 of 2nd period - Stopped by Chad Johnson without a rebound.
6:37 of 2nd period - Maxim Lapierre wins face-off versus Matt Hendricks in Hurricanes zone.
6:37 of 2nd period - Maxim Lapierre is hit by Matt Hendricks.
7:39 of 2nd period - Matt Hendricks is hit by Brian Boyle and loses puck.
8:19 of 2nd period - Shot by Ryan Smyth.
8:19 of 2nd period - Stopped by Chad Johnson without a rebound.
8:20 of 2nd period - Ryan Nugent-Hopkins wins face-off versus Eric Staal in Hurricanes zone.
9:00 of 2nd period - Minor Penalty to Joe Corvo for Holding.
9:01 of 2nd period - Mike Richards wins face-off versus Brian Boyle in Kings zone.
9:36 of 2nd period - Shot by Dany Heatley.
9:36 of 2nd period - Stopped by Steve Mason with a rebound.
9:38 of 2nd period - Shot by Rene Bourque.
9:38 of 2nd period - Stopped by Steve Mason without a rebound.
9:39 of 2nd period - Jarret Stoll wins face-off versus Eric Staal in Kings zone.
9:48 of 2nd period - Vyacheslav Voynov is hit by Joffrey Lupul.
9:53 of 2nd period - Eric Staal is hit by Robyn Regehr and loses puck.
10:45 of 2nd period - Shot by Jarret Stoll.
10:45 of 2nd period - Stopped by Chad Johnson without a rebound.
10:46 of 2nd period - Eric Staal wins face-off versus Mike Richards in Hurricanes zone.
11:05 of 2nd period - Icing by Joe Corvo.
11:06 of 2nd period - Marty Reasoner wins face-off versus Ryan Nugent-Hopkins in Kings zone.
11:06 of 2nd period - Anton Volchenkov is hit by Joe Corvo and loses puck.
11:17 of 2nd period - Shot by Joe Corvo.
11:17 of 2nd period - Stopped by Chad Johnson with a rebound.
12:43 of 2nd period - Icing by Steve Oleksy.
12:44 of 2nd period - Mike Richards wins face-off versus Maxim Lapierre in Hurricanes zone.
13:05 of 2nd period - Shot by Joffrey Lupul.
13:05 of 2nd period - Shot Misses the Net.
13:07 of 2nd period - Shot by Dany Heatley.
13:07 of 2nd period - Stopped by Steve Mason without a rebound.
13:08 of 2nd period - Eric Staal wins face-off versus Michal Handzus in Kings zone.
13:13 of 2nd period - Shot by Eric Staal.
13:13 of 2nd period - Stopped by Steve Mason without a rebound.
13:14 of 2nd period - Eric Staal wins face-off versus Michal Handzus in Kings zone.
13:37 of 2nd period - Shot by Eric Staal.
13:37 of 2nd period - Stopped by Steve Mason with a rebound.
13:39 of 2nd period - Shot by Eric Staal.
13:39 of 2nd period - Goal by Eric Staal - Kings : 0 - Hurricanes : 4.
13:40 of 2nd period - Brian Boyle wins face-off versus Mike Richards in neutral zone.
14:43 of 2nd period - Icing by Steve Oleksy.
14:44 of 2nd period - Ryan Nugent-Hopkins wins face-off versus Eric Staal in Hurricanes zone.
15:11 of 2nd period - Shot by Steve Oleksy.
15:11 of 2nd period - Stopped by Steve Mason without a rebound.
15:12 of 2nd period - Matt Hendricks wins face-off versus Marty Reasoner in Kings zone.
16:12 of 2nd period - Minor Penalty to Brian Boyle for Roughing.
16:13 of 2nd period - Eric Staal wins face-off versus Nail Yakupov in Hurricanes zone.
16:23 of 2nd period - Minor Penalty to Daniel Winnik for Roughing.
16:24 of 2nd period - Eric Staal wins face-off versus Ryan Nugent-Hopkins in Hurricanes zone.
17:16 of 2nd period - Shot by Vyacheslav Voynov.
17:16 of 2nd period - Shot Misses the Net.
17:18 of 2nd period - Shot by Vyacheslav Voynov.
17:18 of 2nd period - Goal by Vyacheslav Voynov - Kings : 1 - Hurricanes : 4.
17:19 of 2nd period - Marty Reasoner wins face-off versus Jarret Stoll in neutral zone.
17:22 of 2nd period - Guillaume Latendresse is hit by Mike Weber and loses puck.
17:49 of 2nd period - Icing by Guillaume Latendresse.
17:50 of 2nd period - Jarret Stoll wins face-off versus Marty Reasoner in Kings zone.
18:29 of 2nd period - Michal Handzus is hit by Brian Boyle and loses puck.
18:48 of 2nd period - Joffrey Lupul is hit by Robyn Regehr and loses puck.
19:00 of 2nd period - Ryan Wilson is hit by Dustin Penner.
19:28 of 2nd period - Shot by Mike Richards.
19:28 of 2nd period - Goal by Mike Richards - Kings : 2 - Hurricanes : 4.
19:29 of 2nd period - Lennart Petrell wins face-off versus Ryan Nugent-Hopkins in neutral zone.
19:29 of 2nd period - Lennart Petrell is hit by Nail Yakupov.
19:41 of 2nd period - Off-side.
19:42 of 2nd period - Marty Reasoner wins face-off versus Mike Richards in neutral zone.

3rd period


0:01 of 3rd period - Patrik Elias wins face-off versus Mike Richards in neutral zone.
0:16 of 3rd period - Shot by Daniel Winnik.
0:16 of 3rd period - Deflect By Eric Staal.
0:16 of 3rd period - Shot Misses the Net.
0:19 of 3rd period - Icing by Mike Richards.
0:20 of 3rd period - Mike Richards wins face-off versus Joffrey Lupul in Kings zone.
1:06 of 3rd period - Off-side.
1:07 of 3rd period - Eric Staal wins face-off versus Ryan Nugent-Hopkins in neutral zone.
1:36 of 3rd period - Shot by Nail Yakupov.
1:36 of 3rd period - Shot Misses the Net.
2:27 of 3rd period - Minor Penalty to Dale Weise for High sticking.
2:28 of 3rd period - Marty Reasoner wins face-off versus Jarret Stoll in Hurricanes zone.
2:28 of 3rd period - Marty Reasoner is hit by Guillaume Latendresse.
4:14 of 3rd period - Shot by Vyacheslav Voynov.
4:14 of 3rd period - Shot Blocked by Steve Oleksy.
4:16 of 3rd period - Shot by Joe Corvo.
4:16 of 3rd period - Stopped by Chad Johnson without a rebound.
4:17 of 3rd period - Daniel Winnik wins face-off versus Michal Handzus in Hurricanes zone.
4:34 of 3rd period - Shot by Lennart Petrell.
4:34 of 3rd period - Stopped by Steve Mason without a rebound.
4:35 of 3rd period - Maxim Lapierre wins face-off versus Michal Handzus in Kings zone.
4:38 of 3rd period - Shot by Maxim Lapierre.
4:38 of 3rd period - Stopped by Steve Mason without a rebound.
4:39 of 3rd period - Maxim Lapierre wins face-off versus Michael Frolik in Kings zone.
4:50 of 3rd period - Shot by Michael Frolik.
4:50 of 3rd period - Shot Blocked by Anton Volchenkov.
5:13 of 3rd period - Icing by Anton Volchenkov.
5:14 of 3rd period - Daniel Alfredsson wins face-off versus Maxim Lapierre in Hurricanes zone.
5:21 of 3rd period - Shot by Mike Richards.
5:21 of 3rd period - Stopped by Chad Johnson with a rebound.
5:47 of 3rd period - Shot by Daniel Alfredsson.
5:47 of 3rd period - Shot Misses the Net.
5:49 of 3rd period - Shot by Mike Richards.
5:49 of 3rd period - Shot Misses the Net.
5:51 of 3rd period - Shot by Mike Richards.
5:51 of 3rd period - Shot Blocked by Steve Oleksy.
5:53 of 3rd period - Shot by Ryan Smyth.
5:53 of 3rd period - Shot Misses the Net.
8:14 of 3rd period - Shot by Vyacheslav Voynov.
8:14 of 3rd period - Shot Blocked by Anton Volchenkov.
8:16 of 3rd period - Shot by Mike Richards.
8:16 of 3rd period - Shot Misses the Net.
8:18 of 3rd period - Shot by Tobias Enstrom.
8:18 of 3rd period - Stopped by Chad Johnson without a rebound.
8:19 of 3rd period - Ryan Nugent-Hopkins wins face-off versus Maxim Lapierre in Hurricanes zone.
8:23 of 3rd period - Ryan Nugent-Hopkins is hit by Mike Weber and loses puck.
8:26 of 3rd period - Shot by Joe Corvo.
8:26 of 3rd period - Stopped by Chad Johnson without a rebound.
8:27 of 3rd period - Ryan Nugent-Hopkins wins face-off versus Lennart Petrell in Hurricanes zone.
9:03 of 3rd period - Shot by Filip Kuba.
9:03 of 3rd period - Shot Blocked by Jamie McBain.
9:34 of 3rd period - Anton Volchenkov is hit by Vyacheslav Voynov and loses puck.
9:49 of 3rd period - Shot by Mike Richards.
9:49 of 3rd period - Stopped by Chad Johnson with a rebound.
10:08 of 3rd period - Off-side.
10:09 of 3rd period - Eric Staal wins face-off versus Matt Hendricks in neutral zone.
10:31 of 3rd period - Eric Staal is hit by Robyn Regehr and loses puck.
11:26 of 3rd period - Shot by Marty Reasoner.
11:26 of 3rd period - Stopped by Steve Mason without a rebound.
11:27 of 3rd period - Brian Boyle wins face-off versus Mike Richards in Kings zone.
11:27 of 3rd period - Brian Boyle is hit by Vyacheslav Voynov.
11:28 of 3rd period - Minor Penalty to Vyacheslav Voynov for Holding.
11:29 of 3rd period - Mike Richards wins face-off versus Eric Staal in Kings zone.
11:46 of 3rd period - Shot by Steve Oleksy.
11:46 of 3rd period - Shot Blocked by Justin Faulk.
11:48 of 3rd period - Shot by Steve Oleksy.
11:48 of 3rd period - Stopped by Steve Mason without a rebound.
11:49 of 3rd period - Rene Bourque wins face-off versus Mike Richards in Kings zone.
12:58 of 3rd period - Patrik Elias is hit by Justin Faulk and loses puck.
13:13 of 3rd period - Shot by Eric Staal.
13:13 of 3rd period - Deflect By Patrik Elias.
13:13 of 3rd period - Stopped by Steve Mason without a rebound.
13:14 of 3rd period - Brian Boyle wins face-off versus Mike Richards in Kings zone.
13:35 of 3rd period - Nail Yakupov is hit by Maxim Lapierre and loses puck.
13:48 of 3rd period - Shot by Jamie McBain.
13:48 of 3rd period - Shot Blocked by Anton Volchenkov.
13:50 of 3rd period - Shot by Mikhail Grabovski.
13:50 of 3rd period - Stopped by Chad Johnson without a rebound.
13:51 of 3rd period - Mike Richards wins face-off versus Eric Staal in Hurricanes zone.
13:54 of 3rd period - Shot by Mike Richards.
13:54 of 3rd period - Deflect By Daniel Alfredsson.
13:54 of 3rd period - Stopped by Chad Johnson without a rebound.
13:55 of 3rd period - Eric Staal wins face-off versus Mike Richards in Hurricanes zone.
14:05 of 3rd period - Eric Staal is hit by Vyacheslav Voynov and loses puck.
14:12 of 3rd period - Shot by Patrik Elias.
14:12 of 3rd period - Stopped by Steve Mason without a rebound.
14:13 of 3rd period - Ryan Nugent-Hopkins wins face-off versus Brian Boyle in Kings zone.
14:13 of 3rd period - Ryan Nugent-Hopkins is hit by Brian Boyle.
14:27 of 3rd period - Minor Penalty to Jamie McBain for Hooking.
14:28 of 3rd period - Mike Richards wins face-off versus Eric Staal in Kings zone.
14:34 of 3rd period - Icing by Patrik Elias.
14:35 of 3rd period - Eric Staal wins face-off versus Mike Richards in Hurricanes zone.
14:42 of 3rd period - Shot by Eric Staal.
14:42 of 3rd period - Stopped by Steve Mason without a rebound.
14:43 of 3rd period - Mike Richards wins face-off versus Brian Boyle in Kings zone.
14:43 of 3rd period - Mike Richards is hit by Brian Boyle.
15:25 of 3rd period - Shot by Steve Oleksy.
15:25 of 3rd period - Shot Blocked by Robyn Regehr.
16:11 of 3rd period - Shot by Duncan Keith.
16:11 of 3rd period - Stopped by Steve Mason without a rebound.
16:12 of 3rd period - Jarret Stoll wins face-off versus Dany Heatley in Kings zone.
16:18 of 3rd period - Icing by Dany Heatley.
16:19 of 3rd period - Jarret Stoll wins face-off versus Rene Bourque in Hurricanes zone.
16:29 of 3rd period - Icing by Filip Kuba.
16:30 of 3rd period - Maxim Lapierre wins face-off versus Ryan Nugent-Hopkins in Hurricanes zone.
16:58 of 3rd period - Shot by Dale Weise.
16:58 of 3rd period - Shot Misses the Net.
17:27 of 3rd period - Off-side.
17:28 of 3rd period - Mike Richards wins face-off versus Eric Staal in neutral zone.
18:01 of 3rd period - Shot by Daniel Winnik.
18:01 of 3rd period - Shot Misses the Net.
18:41 of 3rd period - Brian Boyle is hit by Jarret Stoll and loses puck.
18:54 of 3rd period - Shot by Guillaume Latendresse.
18:54 of 3rd period - Deflect By Jarret Stoll.
18:54 of 3rd period - Shot Misses the Net.
19:34 of 3rd period - Shot by Marty Reasoner.
19:34 of 3rd period - Stopped by Steve Mason without a rebound.
19:35 of 3rd period - Michal Handzus wins face-off versus Maxim Lapierre in Kings zone.
19:35 of 3rd period - Michal Handzus is hit by Dale Weise.
19:40 of 3rd period - Michael Frolik is hit by Mike Weber and loses puck.
19:53 of 3rd period - Michal Handzus is hit by Dale Weise and loses puck.


Output by the SimonT Hockey Simulator (STHS) for Stephane Roy -- Original Page W3C XHTML 1.0 Valid
Hockey Simulator - Hockey Simulation - Hockey Manager